 Dungeon Crawl Stone Soup version 0.30-a0-583-g19bae12e61 (webtiles) character file.

Game seed: 17214422270953833202

2 Citaku the Sneak (level 1, -4/18 HPs)
             Began as a Demonspawn Delver on Jan 1, 2023.
             Killed by nerve-wracking pain
             ... invoked by an orc priest
              (5 damage)
             ... on level 5 of the Dungeon.
             The game lasted 00:01:19 (98 turns).

Citaku the Sneak (Demonspawn Delver)                  Turns: 98, Time: 00:01:20

Health: -4/18      AC:  4    Str: 12    XL:     1   Next: 25%
Magic:  1/1        EV: 11    Int: 11    God:
Gold:   11         SH:  0    Dex: 14    Spells: 0/0 levels left

rFire   . . .      SeeInvis .    a - +0 falchion
rCold   . . .      Faith    .    (no shield)
rNeg    . . .      Spirit   .    b - +0 leather armour
rPois   .          Reflect  .    (no helmet)
rElec   .          Harm     .    h - +0 cloak
rCorr   .          Rampage  .    (no gloves)
Will    .....                    (no boots)
Stlth   +++                      (no amulet)
HPRegen 0.23/turn                (no ring)
MPRegen 0.07/turn                (no ring)

@: no status effects
A: no striking features
a: no special abilities


You were on level 5 of the Dungeon.
You visited 1 branch of the dungeon, and saw 1 of its levels.

You collected 11 gold pieces.

Inventory:

Hand Weapons
 a - a +0 falchion (weapon)
 d - a +0 hand axe
Armour
 b - a +0 leather armour (worn)
 h - a +0 cloak (worn)
Wands
 g - a wand of digging (3)
Scrolls
 c - a scroll of fog
 e - a scroll of fear
Potions
 f - a potion of haste


   Skills:
 + Level 3.0 Fighting
 + Level 1.7 Long Blades
 + Level 1.7 Dodging
 + Level 4.6 Stealth


You couldn't memorise any spells.
You didn't know any spells.
Your spell library was empty.

Dungeon Overview and Level Annotations

Branches:
Dungeon (5/15)             Temple (0/1) D:5

Altars:

Portals:
Ossuary: D:5


Message History

h - a +0 cloak You hit the orc but do no damage.
An orc priest comes into view. It is wielding a +0 club.
The orc barely misses you.
The orc priest shouts!
You slash the orc!
You kill the orc!
The orc priest miscasts a cantrip.
The orc priest casts a cantrip, but nothing happens.
An orc priest comes into view. It is wielding a +0 flail.
The orc priest looks braver for a moment.
You start putting on your armour.
You continue putting on your +0 cloak.
The orc priest barely misses you.
You continue putting on your +0 cloak.
The orc priest hits you but does no damage.
Keep equipping yourself? [Y]es or [N]o only, please.
Keep equipping yourself? [Y]es or [N]o only, please.
Keep equipping yourself?
Uppercase [Y]es or [N]o only, please.
Keep equipping yourself?
You continue putting on your +0 cloak.
The orc priest shouts!
The orc priest hits you with a +0 club.
You continue putting on your +0 cloak.
The orc priest closely misses you.
You finish putting on your +0 cloak.
The orc priest attacks as you move away!
The orc priest hits you with a +0 club.
The orc priest mumbles some strange prayers to Beogh against you.
Beogh smites you!
Ouch! That really hurt!
* * * LOW HITPOINT WARNING * * *
The orc priest closely misses you.
The orc priest attacks as you move away!
The orc priest closely misses you.
The orc priest mumbles some strange prayers to Beogh against you.
Pain shoots through your body!
You die...

******* ****####*
*,,,,,, ****
***.,,,...*#####
*,***** ,,,*
*,,....##.##...# *,* *
,,,* *,*,*#....@....#
*,* ***
,,,****,,,,#.##.##o..#
*,***,,
,,,,,,,,,,,,,*#.*##<##
*,,,,,,
,,,****,,,,,,,..* #.#
*****,* ,,,*
*,*,**,###* #.# *,*
,,,* *,*,**,* #.# *,*
,*** *,,,,,,* #o# *,*
,* *##+#*** #.# *,, ,*
##...#* #.# ***


You could see an orc priest.

Vanquished Creatures
  An orc (D:5)
1 creature vanquished.

Notes
Turn   | Place    | Note
-------+----------+-------------------------------------------
     0 | D:5      | Citaku the Demonspawn Delver began the quest for the Orb.
     0 | D:5      | Reached XP level 1. HP: 18/18 MP: 1/1
    27 | D:5      | Found a staircase to the Ecumenical Temple.
    37 | D:5      | Found a sand-covered staircase.
    82 | D:5      | Noticed an orc priest
    90 | D:5      | Noticed an orc priest
    98 | D:5      | Killed from afar by an orc priest

Illustrated notes

Levels and vault maps discovered:
D:5:      layout_loops_corners, trog_book, minmay_temple_entry_trees,
          ebering_ghost_sewer_f, nicolae_ossuary_entry_monument, uniq_edmund,
          uniq_eustachio, uniq_menkaure

Action                   || total
-------------------------++-------
Melee: Falchion          ||     2
  Use: Scroll            ||     1
Armor: Leather armour    ||     1
Dodge: Dodged            ||     5

Table legend: (Time is in decaauts)
 A = Elapsed time spent in this place.
 B = Non-inter-level travel time spent in this place.
 C = Inter-level travel time spent in this place.
 D = Time resting spent in this place.
 E = Time spent auto-exploring this place.
 F = Levels seen in this place.
 G = Mean time per level.
                   A        B        C        D        E       F      G
               +--------+--------+--------+--------+--------+-----+--------+
         Total |     98 |     98 |      0 |      0 |      0 |   1 |   98.0 |
       Dungeon |     98 |     98 |      0 |      0 |      0 |   1 |   98.0 |
               +--------+--------+--------+--------+--------+-----+--------+

Top non-repeatable levels by time:
     D:5: 98 daAuts
